 Dungeon Crawl Stone Soup version 0.18-b1-22-ge198996 (webtiles) character file.

34517 Eceihueh the Basher (level 13, 0/119 HPs)
             Began as a Minotaur Berserker on May 3, 2016.
             Was a High Priest of Trog.
             Slain by a halberd of venom (11 damage)
             ... on level 1 of the Elven Halls on May 4, 2016.
             The game lasted 01:13:43 (14215 turns).

Eceihueh the Basher (Minotaur Berserker)           Turns: 14215, Time: 01:13:43

Health: 0/119      AC: 20    Str: 28    XL:     13   Next: 42%
Magic:  12/12      EV:  9    Int:  4    God:    Trog [*****.]
Gold:   643        SH: 23    Dex:  9    Spells: 0 memorised, 12 levels left

rFire  + . .     SeeInvis .     l - +9 eveningstar (drain)
rCold  . . .     Gourm    .     h - +1 plate armour {rF+}
rNeg   . . .     Faith    .     A - +1 large shield
rPois  .         Spirit   .     (helmet restricted)
rElec  .         Dismiss  .     I - +2 cloak
rCorr  .         Reflect  +     (no gloves)
SustAt .         Harm     .     (no boots)
MR     .....                    N - +2 amulet of reflection
Stlth  ..........               o - ring of stealth
                                v - ring of flight

@: lethally poisoned (0 -> -18), not resistant to hostile enchantments,
extremely unstealthy
A: retaliatory headbutt, horns 2
a: Berserk, Trog's Hand, Brothers in Arms, Burn Spellbooks, Renounce Religion,
Evoke Flight


You were on level 1 of the Elven Halls.
You worshipped Trog.
Trog was extremely pleased with you.
You were not hungry.

You visited 3 branches of the dungeon, and saw 14 of its levels.
You also visited: Sewer.

You collected 1304 gold pieces.
You spent 661 gold pieces at shops.

Inventory:

Hand Weapons
 a - the +5 mace of Juqitusa {venom, rF+ MR+ MP+9 Dex-2}
   (You found it on level 5 of the Dungeon)

   It poisons the flesh of those it strikes.
   It affects your dexterity (-2).
   It protects you from fire.
   It affects your resistance to hostile enchantments.
   It affects your magic capacity (+9).
 i - a +4 antimagic morningstar
 l - a +9 eveningstar of draining (weapon)
 C - a +1 whip of freezing
 E - a +2 flail of protection
 J - the +8 mace "Laol" {freeze, +Inv Dex+4}
   (You found it on level 5 of the Dungeon)

   It has been specially enchanted to freeze those struck by it, causing extra
   injury to most foes and up to half again as much damage against particularly
   susceptible opponents.
   It can also slow down cold-blooded creatures.
   It affects your dexterity (+4).
   It lets you turn invisible.
 K - a +2 whip of freezing
Armour
 h - a +1 plate armour of fire resistance (worn)
 n - a +4 chain mail
 A - a +1 large shield (worn)
 I - a +2 cloak (worn)
Jewellery
 o - a ring of stealth (right hand)
 v - a ring of flight (left hand)
 N - a +2 amulet of reflection (around neck)
Wands
 y - a wand of paralysis (14/24)
 D - a wand of slowing (46/48)
 G - a wand of slowing (12/48)
 M - a wand of flame (18/48)
 O - a wand of teleportation (4/9)
 Q - a wand of polymorph (3/24)
 R - a wand of iceblast (3/15)
 T - a wand of slowing (19/48)
Scrolls
 e - a scroll of fog
 f - a scroll of identify
 j - 6 scrolls of immolation
 p - 5 scrolls of remove curse
 x - 4 scrolls of magic mapping
 B - a scroll of teleportation
 F - a scroll of blinking
 P - 4 scrolls of enchant armour
Potions
 d - 2 potions of heal wounds
 g - 2 potions of might {unknown}
 k - a potion of invisibility {unknown}
 m - 2 potions of agility {unknown}
 q - 8 potions of curing
 r - 3 potions of flight
 t - 4 potions of cure mutation
 u - a potion of haste {unknown}
 w - 3 potions of lignification
 z - a potion of magic {unknown}
 H - a potion of mutation {unknown}
 L - a potion of brilliance {unknown}
Comestibles
 b - a meat ration
 c - 5 bread rations
 s - 30 fruits


   Skills:
 + Level 12.7 Fighting
 * Level 12.8 Maces & Flails
 + Level 12.4 Armour
 + Level 11.0 Dodging
 + Level 12.7 Shields


You had 12 spell levels left.
You didn't know any spells.

Dungeon Overview and Level Annotations

Branches:
Dungeon (11/15)            Temple (0/1) D:7            Lair (0/8) D:9
    Orc (2/2) D:11            Elf (1/3) Orc:2

Altars:
Ashenzari
Cheibriados
Elyvilon
Gozag
Kikubaaqudgha
Nemelex Xobeh
Qazlal
Sif Muna
Trog
Vehumet
The Shining One

Shops:
D:5 =   Orc:2 *}:(=:[=?   Elf:1 [


Innate Abilities, Weirdness & Mutations

You reflexively headbutt those who attack you in melee.
You have a pair of horns on your head.


Message History

You feel sick.
You block the halberd of venom's attack.
You closely miss the halberd of venom.
The halberd of venom is moderately damaged.
You feel sick.
You block the halberd of venom's attack.
You hit the halberd of venom but do no damage.
The halberd of venom is moderately damaged.
You feel sick.
You block the halberd of venom's attack.
You barely miss the halberd of venom.
The halberd of venom is moderately damaged.
You feel sick. The halberd of venom hits you!
* * * LOW HITPOINT WARNING * * *
You are lethally poisoned!
You closely miss the halberd of venom.
The halberd of venom is moderately damaged.
* * * LOW HITPOINT WARNING * * *
You feel sick. The halberd of venom hits you!
You die...

#....#.#.### #...##.#.#
##..... #........#
##..≈≈≈###. #...######
##..≈≈≈≈≈###
#...########...≈≈∩...##
#...#.......#..≈≈≈≈≈...
###...........##..≈≈≈....
............#.##.........
......>.....#..)@(.......
....|............).......
###...#..##.#.#..........
#...........#..........
#...#######.#(#.###....
#...# #.#.......... ....#
#.....####... .#.##
#.###..... .. .## ##.....


You could see a halberd of venom.

Vanquished Creatures
  2 hydras (D:11)
  The ghost of Woxaris the Warrior, a novice MiFi of Trog (D:9)
  Erica (D:11)
  A tengu warrior (D:10)
  A queen ant (D:9)
  2 dancing weapons (Elf:1)
  5 orc high priests
  A deep elf archer (Elf:1)
  Pikel (D:6)
  8 orc knights
  3 hill giants
  An orc sorcerer (Orc:1)
  4 deep elf magi (Elf:1)
  A cyclops (Orc:1)
  Maurice (Orc:1)
  A spiny frog (shapeshifter) (Elf:1)
  2 centaur skeletons
  A kobold demonologist (D:11)
  6 trolls
  Prince Ribbit (D:8)
  Grinder (D:5)
  Sigmund (D:4)
  A wyvern (D:10)
  9 yaks
  A steam dragon (D:10)
  2 hungry ghosts (D:10)
  A warg (Orc:2)
  Menkaure (D:5)
  A mottled dragon (D:10)
  Edmund (D:5)
  8 soldier ants (D:9)
  A water moccasin (D:9)
  Duvessa (D:5)
  6 sky beasts
  A phantom (D:5)
  4 ice beasts
  43 orc warriors
  A wasp (D:10)
  A black bear (D:11)
  An eye of draining (D:9)
  9 ogres
  9 centaurs
  5 big kobolds
  Blork the orc (D:5)
  6 giant frogs
  Dowan (D:5)
  An earth elemental (Elf:1)
  A wyvern zombie (D:7)
  A scorpion (D:7)
  2 troll zombies (D:11)
  9 killer bees
  4 wights (D:7)
  4 howler monkeys
  4 crimson imps
  2 giant frog zombies (D:11)
  A quasit (D:8)
  A gnoll shaman (D:7)
  3 jellies
  Crazy Yiuf (D:5)
  23 orc priests
  2 giant frog skeletons
  4 hounds
  24 orc wizards
  2 iguanas
  27 worker ants
  6 ogre zombies (D:11)
  Robin (D:3)
  A howler monkey zombie (D:9)
  2 worker ant zombies
  13 gnolls
  A howler monkey skeleton (D:8)
  14 adders
  3 river rats
  3 shadow imps
  12 white imps (Orc:2)
  An ooze (D:5)
  An adder zombie (D:5)
  2 adder skeletons
  2 worms
  A dart slug (D:1)
  5 giant geckos
  102 orcs
  A ball python (D:3)
  7 bats
  7 giant cockroaches
  17 goblins
  6 hobgoblins
  7 jackals
  21 kobolds
  A quokka (D:4)
  A giant gecko skeleton (D:4)
  A giant gecko zombie (D:5)
  8 giant newts
  2 goblin skeletons (D:11)
  2 goblin zombies (D:11)
  3 hobgoblin zombies (D:11)
  3 orc skeletons (D:11)
  14 orc zombies (D:11)
  2 quokka skeletons (D:4)
  A quokka zombie (D:7)
  12 rats
563 creatures vanquished.

Vanquished Creatures (others)
  A slave (D:6)
  A centaur (D:10)
  A crimson imp (D:6)
  A jelly (D:6)
  An orc wizard (Orc:2)
  A giant cockroach (D:6)
  A kobold (D:11)
7 creatures vanquished.

Grand Total: 570 creatures vanquished

Notes
Turn   | Place    | Note
--------------------------------------------------------------
     0 | D:1      | Eceihueh the Minotaur Berserker began the quest for the Orb.
     0 | D:1      | Reached XP level 1. HP: 19/19 MP: 0/0
   139 | D:1      | Reached XP level 2. HP: 18/27 MP: 1/1
   796 | D:1      | Reached ** piety under Trog
   887 | D:2      | Reached XP level 3. HP: 30/33 MP: 2/2
  1113 | D:2      | Found a stormy altar of Qazlal.
  1197 | D:2      | Reached XP level 4. HP: 40/40 MP: 3/3
  1792 | D:3      | Reached *** piety under Trog
  1798 | D:3      | Found a radiant altar of Vehumet.
  1857 | D:3      | Found a glowing drain.
  1948 | Sewer    | Entered a sewer
  1959 | Sewer    | Reached XP level 5. HP: 31/47 MP: 4/4
  2224 | Sewer    | Reached skill level 5 in Fighting
  2243 | Sewer    | Found a white marble altar of Elyvilon.
  2926 | D:3      | Noticed Robin
  2931 | D:3      | Killed Robin
  3137 | D:4      | Reached skill level 5 in Maces & Flails
  3192 | D:4      | Reached **** piety under Trog
  3192 | D:4      | Reached XP level 6. HP: 56/56 MP: 5/5
  3238 | D:4      | Noticed Sigmund
  3258 | D:4      | Killed Sigmund
  3258 | D:4      | Reached skill level 5 in Armour
  3332 | D:4      | Found a bloodstained altar of Trog.
  3400 | D:4      | Found a shattered altar of Ashenzari.
  3806 | D:5      | Entered Level 5 of the Dungeon
  3854 | D:5      | Noticed Edmund
  3874 | D:5      | Killed Edmund
  3874 | D:5      | Reached XP level 7. HP: 57/62 MP: 6/6
  3937 | D:5      | Noticed Grinder
  3951 | D:5      | Killed Grinder
  4008 | D:5      | Reached skill level 5 in Dodging
  4059 | D:5      | Reached XP level 8. HP: 67/73 MP: 7/7
  4102 | D:5      | Found Heschazi's Jewellery Emporium.
  4127 | D:5      | Found a sparkling altar of Nemelex Xobeh.
  4137 | D:5      | Noticed Crazy Yiuf
  4144 | D:5      | Killed Crazy Yiuf
  4154 | D:5      | Got a dazzling mace
  4155 | D:5      | Identified the +8 mace "Laol" {freeze, +Inv Dex+4} (You found it on level 5 of the Dungeon)
  4175 | D:5      | Got a warped mace
  4181 | D:5      | Identified the +5 mace of Juqitusa {venom, rF+ MR+ MP+9 Dex-2} (You found it on level 5 of the Dungeon)
  4308 | D:5      | Noticed Menkaure
  4315 | D:5      | Killed Menkaure
  4448 | D:5      | Noticed Duvessa
  4448 | D:5      | Noticed Dowan
  4454 | D:5      | Killed Duvessa
  4455 | D:5      | Killed Dowan
  4470 | D:5      | Noticed Blork the orc
  4477 | D:5      | Killed Blork the orc
  4493 | D:5      | Received a gift from Trog
  4914 | D:6      | Reached XP level 9. HP: 71/81 MP: 8/8
  4972 | D:6      | Reached ***** piety under Trog
  5230 | D:6      | Noticed Pikel
  5238 | D:6      | Killed Pikel
  6157 | D:7      | Found a staircase to the Ecumenical Temple.
  6254 | D:7      | Reached XP level 10. HP: 91/91 MP: 9/9
  6652 | D:8      | Found an opulent altar of Gozag.
  6776 | D:8      | Noticed Prince Ribbit
  6779 | D:8      | Reached skill level 5 in Shields
  6782 | D:8      | Killed Prince Ribbit
  7160 | D:8      | Found a sparkling altar of Nemelex Xobeh.
  7408 | D:9      | Found a staircase to the Lair.
  7493 | D:9      | Found an ancient bone altar of Kikubaaqudgha.
  7497 | D:9      | Found a glowing golden altar of the Shining One.
  7501 | D:9      | Found a snail-covered altar of Cheibriados.
  7544 | D:9      | Noticed Woxaris's ghost (novice MiFi)
  7557 | D:9      | Killed Woxaris's ghost
  7557 | D:9      | Reached skill level 10 in Fighting
  7704 | D:9      | Found a white marble altar of Elyvilon.
  7902 | D:9      | Noticed a queen ant
  7922 | D:9      | Killed a queen ant
  7922 | D:9      | Reached skill level 10 in Maces & Flails
  7931 | D:9      | Reached XP level 11. HP: 72/100 MP: 10/10
  7945 | D:9      | Reached skill level 10 in Armour
  8349 | D:10     | Entered Level 10 of the Dungeon
  8857 | D:10     | Received a gift from Trog
  9092 | D:11     | Noticed a hill giant
  9094 | D:11     | Noticed a tengu warrior
  9096 | D:11     | Noticed a hill giant
  9097 | D:11     | Noticed Erica
  9097 | D:11     | Killed a hill giant
  9124 | D:10     | Killed a tengu warrior
  9279 | D:11     | Noticed an eight-headed hydra
  9287 | D:11     | Killed an eight-headed hydra
  9435 | D:11     | Reached skill level 10 in Shields
  9500 | D:11     | Noticed a hill giant
  9653 | D:10     | Killed a hill giant
  9653 | D:10     | Reached XP level 12. HP: 103/110 MP: 11/11
  9943 | D:11     | Found a staircase to the Orcish Mines.
  9994 | D:11     | Noticed a six-headed hydra
 10000 | D:11     | Killed a six-headed hydra
 10029 | D:11     | Killed Erica
 10181 | Orc:1    | Entered Level 1 of the Orcish Mines
 10230 | Orc:1    | Noticed Maurice
 10238 | Orc:1    | Killed Maurice
 10238 | Orc:1    | Reached skill level 10 in Dodging
 10323 | Orc:2    | Entered Level 2 of the Orcish Mines
 10327 | Orc:2    | Received a gift from Trog
 10328 | Orc:2    | Found Goymmiak's Book Boutique.
 10341 | Orc:2    | Found Uniblaem's Antique Armour Shop.
 10350 | Orc:2    | Found a frozen archway.
 10440 | Orc:1    | HP: 1/111 [orc warrior/scimitar (17)]
 11164 | Orc:2    | Found a staircase to the Elven Halls.
 11170 | Orc:2    | Noticed an orc high priest
 11583 | Orc:2    | Killed an orc high priest
 11708 | Orc:2    | Found Runtoche's Jewellery Boutique.
 11716 | Orc:2    | Received a gift from Trog
 11717 | Orc:2    | Reached ****** piety under Trog
 11874 | Orc:2    | Found Ataiv's Magic Scroll Boutique.
 12419 | Orc:2    | Noticed an orc high priest
 12430 | Orc:1    | Reached XP level 13. HP: 87/118 MP: 12/12
 12984 | Orc:2    | Received a gift from Trog
 13205 | Orc:2    | Bought a scroll of teleportation for 42 gold pieces
 13205 | Orc:2    | Bought a scroll of blinking for 105 gold pieces
 13205 | Orc:2    | Bought a scroll of enchant weapon for 105 gold pieces
 13205 | Orc:2    | Bought a scroll of magic mapping for 49 gold pieces
 13327 | Orc:2    | Found Tuzorph's Jewellery Shoppe.
 13536 | Orc:2    | Found Neinn's Antique Weapon Boutique.
 13539 | Orc:2    | Found Yxtek's Assorted Antiques.
 13540 | Orc:2    | Found Piasir's Book Boutique.
 13541 | Orc:2    | Found Naduawk's Gadget Shop.
 13733 | Orc:2    | Bought a wand of teleportation (4/9) for 360 gold pieces
 13779 | Elf:1    | Entered Level 1 of the Elven Halls
 13862 | Elf:1    | Found a deep blue altar of Sif Muna.
 14077 | Elf:1    | Found Pegaor Xore's Antique Armour Emporium.
 14215 | Elf:1    | Slain by a halberd of venom

Skill      XL: |  1  2  3  4  5  6  7  8  9 10 11 12 13 |
---------------+----------------------------------------+-----
Armour         | 3 4 5 6 7 9 11 12 | 12.4
Fighting       | 4 5 7 8 9 10 11 12 | 12.7
Maces & Flails | 4 5 6 7 9 10 11 12 | 12.8
Dodging        | 3 4 5 6 7 8 9 10 11 | 11.0
Shields        | 4 7 10 12 | 12.7

Action                   |  1- 3 |  4- 6 |  7- 9 | 10-12 | 13-15 || total
-------------------------+-------+-------+-------+-------+-------++-------
Melee: Mace              |    58 |       |   174 |   856 |       ||  1088
       Headbutt          |     9 |    25 |    47 |   221 |     8 ||   310
       Flail             |    12 |   163 |    45 |       |       ||   220
       Eveningstar       |       |       |       |    28 |    97 ||   125
Invok: Berserk           |     1 |       |       |     2 |       ||     3
       Burn Spellbooks   |       |       |     2 |       |     1 ||     3
       Trog's Hand       |       |       |       |     2 |       ||     2
Evoke: Wand              |       |       |     1 |     4 |       ||     5
  Use: Scroll            |       |       |     1 |    20 |     5 ||    26
       Potion            |       |       |       |     1 |       ||     1
 Stab: Sleeping          |     1 |       |       |       |       ||     1
       Paralysed         |       |       |       |     2 |       ||     2
  Eat: Chunk             |     2 |     6 |     9 |    23 |     6 ||    46
       Beef jerky        |       |     1 |       |     1 |       ||     2
       Royal jelly       |       |       |       |     1 |       ||     1
Armor: Animal skin       |    11 |       |       |       |       ||    11
       Chain mail        |     3 |    91 |   120 |   272 |       ||   486
       Plate armour      |       |       |       |   114 |    22 ||   136
Dodge: Dodged            |    52 |    77 |    89 |   278 |    18 ||   514
Block: Large shield      |       |       |    58 |  1250 |    89 ||  1397
       Reflection        |       |       |       |    37 |     9 ||    46
